 Dungeon Crawl Stone Soup version 0.28.0-53-g5a82cb258f (webtiles) character file.

Game seed: 12648944648889467754

10 issech the Chopper (level 2, -2/27 HPs)
             Began as a Minotaur Monk on June 19, 2022.
             Killed from afar by a dart slug (4 damage)
             ... with a slug dart
             ... on level 1 of the Dungeon.
             The game lasted 00:00:54 (159 turns).

issech the Chopper (Minotaur Monk)                   Turns: 159, Time: 00:00:55

Health: -2/27      AC:  2    Str: 15    XL:     2   Next: 10%
Magic:  1/1        EV: 13    Int:  7    God:
Gold:   3          SH:  0    Dex: 12    Spells: 1/1 levels left

rFire   . . .      SeeInvis .   a - +0 hand axe
rCold   . . .      Faith    .   (no shield)
rNeg    . . .      Spirit   .   b - +0 robe
rPois   .          Reflect  .   (helmet restricted)
rElec   .          Harm     .   (no cloak)
rCorr   .          Rampage  .   (no gloves)
Will    .....                   (no boots)
Stlth   ++........              (no amulet)
HPRegen 0.09/turn               (no ring)
MPRegen 0.07/turn               (no ring)

@: no status effects
A: horns 2, retaliatory headbutt
a: no special abilities


You were on level 1 of the Dungeon.
You visited 1 branch of the dungeon, and saw 1 of its levels.

You collected 3 gold pieces.

Inventory:

Hand Weapons
 a - a +0 hand axe (weapon)
Missiles
 d - 2 stones (quivered)
Armour
 b - a +0 robe (worn)
Scrolls
 e - a scroll of identify {unknown}
Potions
 c - a potion of curing {unknown}
 f - a potion of brilliance {unknown}
 g - a potion of attraction {unknown}


   Skills:
 + Level 3.8 Fighting
 + Level 3.9 Axes
 + Level 3.6 Dodging
 + Level 1.6 Stealth


You had one spell level left.
You didn't know any spells.
Your spell library was empty.

Dungeon Overview and Level Annotations

Branches:
Dungeon (1/15)

Altars:


Innate Abilities, Weirdness & Mutations

You have a pair of horns on your head.
You reflexively headbutt those who attack you in melee.


Message History

You kill the kobold!
The bat barely misses you. The bat misses you.
A goblin comes into view. It is wielding a +0 club.
The bat hits you but does no damage.
The goblin moves out of view.
Things that are here:
a +0 dagger; 3 stones You barely miss the bat.
You punch the bat, but do no damage. The bat misses you. The bat misses you.
The bat hits you. The bat hits you.
You hit the dart slug.
The dart slug is moderately wounded.
You barely miss the bat. The bat barely misses you.
The dart slug launches a dart at you. The slug dart hits you.
* * * LOW HITPOINT WARNING * * *
You hit the dart slug.
The dart slug is heavily wounded.
You hit the bat. The bat misses you. You furiously retaliate!
You headbutt the bat.
You kill the bat!
The dart slug launches a dart at you. The slug dart misses you.
You completely miss the dart slug.
The dart slug is heavily wounded.
You hit the dart slug. The dart slug bites you.
* * * LOW HITPOINT WARNING * * *
The dart slug bites you.
* * * LOW HITPOINT WARNING * * *
The dart slug launches a dart at you. The slug dart misses you.
The dart slug launches a dart at you. The slug dart hits you.
* * * LOW HITPOINT WARNING * * *
The dart slug launches a dart at you. The slug dart misses you.
The dart slug launches a dart at you. The slug dart hits you.
You die...

#.≈≈≈≈...≈≈≈≈.#.#......
#..≈≈≈≈≈≈≈≈≈.... ......
#≈≈≈≈≈≈≈≈≈≈≈..###......
#.≈≈≈≈≈≈≈≈≈≈≈..)†(.....
#.≈≈..≈≈..≈.w..†.......
#≈≈.≈...≈.≈..w.....#...
#####...##....##..#### g
#..##†........##..###..#
#.....>@.....†.......#
####..#....#...###.#......b
#####>###....###.####.....#####
#<....##...........)...##.#
#####.#......###........ .#
##'###....#...####### ##
#...##......#.# #.#.##..#.###.#
#.#.......###.#


You could see 2 dart slugs.

Vanquished Creatures
  A giant cockroach (D:1)
  A hobgoblin (D:1)
  A quokka (D:1)
  2 ball pythons (D:1)
  2 bats (D:1)
  2 kobolds (D:1)
  3 rats (D:1)
12 creatures vanquished.

Notes
Turn   | Place    | Note
-------+----------+-------------------------------------------
     0 | D:1      | issech the Minotaur Monk began the quest for the Orb.
     0 | D:1      | Reached XP level 1. HP: 19/19 MP: 0/0
   100 | D:1      | Found a faded altar of an unknown god.
   138 | D:1      | Reached XP level 2. HP: 19/27 MP: 1/1
   159 | D:1      | Killed from afar by a dart slug

Illustrated notes

Levels and vault maps discovered:
D:1:      amcnicky_arrival_choice, layout_rooms, serial_shops, shop,
          chequers_ecumenical_altar_island, chequers_serial_rivers_micro_d

Action                   || total
-------------------------++-------
Melee: Hand axe          ||    28
       Headbutt          ||     2
       Punch             ||     2
Armor: Robe              ||     5
Dodge: Dodged            ||    32
